 Dungeon Crawl Stone Soup version 0.22-a0-284-g99d1f74 (webtiles) character file.

33 Kairos the Charmwright (level 3, -1/27 HPs)
             Began as a Human Skald on Mar 22, 2018.
             Slain by an adder (4 damage)
             ... on level 2 of the Dungeon.
             The game lasted 00:02:56 (1710 turns).

Kairos the Charmwright (Human Skald)                Turns: 1710, Time: 00:02:57

Health: -1/27      AC:  3    Str: 14    XL:     3   Next: 47%
Magic:  6/6        EV: 12    Int: 13    God:
Gold:   69         SH:  0    Dex: 13    Spells: 5/6 levels left

rFire    . . .     SeeInvis +   a - +0 mace
rCold    . . .     Gourm    .   (no shield)
rNeg     . . .     Faith    .   b - +0 leather armour
rPois    .         Spirit   .   (no helmet)
rElec    .         Reflect  .   (no cloak)
rCorr    .         Harm     .   (no gloves)
MR       .....                  (no boots)
Stlth    +.........             k - amulet of magic regeneration
HPRegen  0.09/turn              m - ring of see invisible
MPRegen  0.35/turn              h - +3 ring of strength

@: confused, lethally poisoned (-1 -> -11), infused
A: no striking features
a: no special abilities


You were on level 2 of the Dungeon.
You were near starving.

You visited 1 branch of the dungeon, and saw 2 of its levels.

You collected 69 gold pieces.

Inventory:

Hand Weapons
 a - a +0 mace (weapon)
Armour
 b - a +0 leather armour (worn)
Jewellery
 f - an uncursed ring of fire
 h - a +3 ring of strength (right hand)
 k - an amulet of magic regeneration (around neck)
 m - a ring of see invisible (left hand)
Scrolls
 e - a scroll of enchant armour {unknown}
 g - a scroll of enchant weapon {unknown}
 i - a scroll of identify {unknown}
 j - a scroll of blinking {unknown}
 n - a scroll of remove curse {unknown}
 o - a scroll of fog {unknown}
Comestibles
 d - 5 rations


   Skills:
 + Level 2.1 Fighting
 + Level 2.5 Maces & Flails
 + Level 1.1 Armour
 + Level 2.6 Dodging
 + Level 2.0 Spellcasting
 + Level 3.3 Charms


You had 5 spell levels left.
You knew the following spells:

 Your Spells              Type           Power        Failure   Level  Hunger
a - Infusion              Chrm           #...         8%          1    ##.....


Dungeon Overview and Level Annotations

Branches:
Dungeon (2/15)

Altars:
Nemelex Xobeh


Message History

You barely miss the adder.
The adder is heavily wounded.
* * * LOW HITPOINT WARNING * * *
You feel sick. The adder bites you.
* * * LOW HITPOINT WARNING * * *
The adder bites you.
* * * LOW HITPOINT WARNING * * *
It was a potion of magic.
Magic courses through your body.
* * * LOW HITPOINT WARNING * * *
You feel sick. The adder closely misses you.
It was a potion of ambrosia.
You are confused.
You feel invigorated. The adder bites you.
* * * LOW HITPOINT WARNING * * *
* * * LOW HITPOINT WARNING * * *
You feel sick. The adder bites you.
* * * LOW HITPOINT WARNING * * *
You are more poisoned.
The adder poisons you! The adder bites you.
You die...

##########
#####........#
.............####
#.....#####.....###
##
...................
..
....####.##..#.###
.# #.#.# #.##..#.#
).# #.#.#
#.##....###...###
#.#.#
#.###.#..@.......
.#..# #.#
#.#..S....... ###.#
#.# #.#†......... #
##.. ..#
....###...### # #.#
##..# ...# .# .#
#..# ...# ... #
##.. .... #.# ###
.##. .#


You could see an adder.

Vanquished Creatures
  An adder (D:2)
  A worm (D:2)
  A leopard gecko (D:1)
  A giant cockroach (D:1)
  2 hobgoblins (D:1)
  A quokka (D:2)
  4 bats (D:1)
  A frilled lizard (D:1)
  A goblin (D:1)
  7 kobolds (D:1)
  5 rats
25 creatures vanquished.

Notes
Turn   | Place    | Note
-------+----------+-------------------------------------------
     0 | D:1      | Kairos the Human Skald began the quest for the Orb.
     0 | D:1      | Reached XP level 1. HP: 16/16 MP: 3/3
   229 | D:1      | Reached XP level 2. HP: 20/22 MP: 5/5
  1300 | D:2      | Found a sparkling altar of Nemelex Xobeh.
  1322 | D:2      | Reached XP level 3. HP: 18/27 MP: 6/6
  1710 | D:2      | Slain by an adder

Vault maps used:
D:1:      tarquinn_simple_flora_water_c
D:2:      minmay_misc_feat_cross, nemelex_xobeh_ov_fountains_minmay

Action                   || total
-------------------------++-------
Melee: Mace              ||   101
 Cast: Infusion          ||     2
  Use: Potion            ||     2
 Stab: Sleeping          ||     1
  Eat: Chunk             ||     1
Armor: Leather armour    ||    25
Dodge: Dodged            ||    73

Table legend:
 A = Spawn XP
 B = Non-spawn XP
 C = Spawn XP percentage of total XP
 D = Spawn monster count
 E = Non-spawn monster count
 F = Spawn count percentage of total count
 G = Total turns spent on level
                    A         B        C        D         E        F      G
               +---------+---------+-------+---------+---------+-------+---------
         Total |       0 |      48 |   0.0 |       0 |      25 |   0.0 |  1710
               +---------+---------+-------+---------+---------+-------+---------
           D:1 |       0 |      27 |   0.0 |       0 |      21 |   0.0 |  1292
           D:2 |       0 |      21 |   0.0 |       0 |       4 |   0.0 |   418
               +---------+---------+-------+---------+---------+-------+---------
